Map: Seeds of Aiur

Players

Erfeyah - Winner!

  • Race: Terran Terran
  • Spawn Location: 1:00

VOD

Have the link to the VOD?

Description

Time

  • Played on: Nov. 27, 2017, 11:41 a.m.
  • Length: 15:18
Show
View Real Time Build Order
Export as new Build Order

Erfeyah Terran - Winner!

Build Orders:  

Get SALT Encoding   

  12  0:05  SCV  
  12  0:30  Supply Depot  
  12  0:37  Refinery  
  12  0:43  SCV  
  12  1:17  Barracks  
  12  1:43  SCV  
  12  1:55  SCV  
  12  2:03  Supply Depot  
  12  2:06  Barracks  
  12  2:07  SCV  
  12  2:18  Marine  
  12  2:19  SCV  
  12  2:35  SCV  
  12  2:36  Marine  
  12  2:53  Marine  
  12  3:11  Marine  
  12  3:13  SCV  
  12  3:32  SCV  
  12  3:36  Marine  
  12  3:37  Marine  
  12  3:54  Marine  
  12  3:55  Marine, Refinery  
  12  4:27  Command Center  
  12  4:32  Supply Depot  
  12  4:55  Supply Depot  
  12  5:16  Marine x2  
  12  5:18  Supply Depot  
  12  5:27  Factory  
  12  5:34  Marine  
  12  5:40  Barracks Tech Lab, Supply Depot  
  12  5:47  SCV  
  12  5:56  SCV  
  12  5:59  SCV  
  12  6:05  Supply Depot  
  12  6:08  SCV  
  12  6:19  SCV  
  12  6:20  SCV  
  12  6:31  SCV, Marine x2  
  12  6:33  SCV  
  12  6:49  Marine x2, Orbital Command  
  12  7:07  Marine  
  12  7:29  Barracks Reactor  
  12  7:46  Supply Depot  
  12  8:00  SCV  
  12  8:01  SCV  
  12  8:09  Supply Depot  
  12  8:10  Marine  
  12  8:11  Marine  
  12  8:34  SCV x2  
  12  8:46  SCV x2  
  12  8:52  Marauder  
  12  8:53  Marine x2  
  12  9:06  Stimpack  
  12  9:11  Marine x2  
  12  10:20  Marine  
  12  10:21  Marine  
  12  11:06  Combat Shields  
  12  11:08  Orbital Command  
  12  13:19  Supply Depot  
  12  13:42  Supply Depot  
  12  14:18  SCV  
  12  14:19  SCV  
  12  14:24  Marauder  
  12  14:25  Marine x2  
  12  14:30  SCV  
  12  14:31  SCV  
  12  14:43  Marine x2  
  12  14:45  Marine  
Tags
 
Add a new tag
Caveats
  • Supply blocks, unpowered buildings, or Contaminate may cause inaccurate times.
  • Supply counts are checked every 10 seconds.